 Dungeon Crawl Stone Soup version 0.20.0-7-g3b7b877 (webtiles) character file.

362243 vale the Warrior (level 21, -6/174 HPs)
             Began as a Demonspawn Wizard on May 29, 2017.
             Was the Champion of Kikubaaqudgha.
             Shot with an arrow by a naga sharpshooter (10 damage)
             ... on level 4 of the Snake Pit on May 30, 2017.
             The game lasted 04:26:00 (62829 turns).

vale the Warrior (Demonspawn Wizard)               Turns: 62829, Time: 04:26:00

Health: -6/174     AC: 13    Str: 14    XL:     21   Next: 51%
Magic:  0/38       EV: 29    Int: 30    God:    Kikubaaqudgha [******]
Gold:   1030       SH: 13    Dex: 25    Spells: 11/47 levels left

rFire    + + +     SeeInvis .   a - +9 quick blade (pain)
rCold    + . .     Gourm    .   Q - +0 buckler
rNeg     . . .     Faith    .   G - +3 leather armour of Nobility {Int+6}
rPois    .         Spirit   +   B - +2 hat
rElec    .         Reflect  +   U - +1 cloak of the Abyss {rF+ rC+}
rCorr    +         Harm     .   w - +2 pair of gloves
MR       +++..                  (boots unavailable)
Stlth    +++++++...             O - +6 amulet of reflection
Regen    1.4/turn               W - ring of the Empire {MR++ Str+5}
MPRegen  0.6/turn               t - ring of Varoicuh {rCorr rF+ Int-2 Dex+7 Slay+3}

@: lethally poisoned (-6 -> -32), regenerating
A: hooves 3, thin skeletal structure 2, fire resistance 1, spiny 3, magic
shield, magic regeneration
}: 2/15 runes: decaying, serpentine
a: Receive Corpses, Torment, Renounce Religion


You were on level 4 of the Snake Pit.
You worshipped Kikubaaqudgha.
Kikubaaqudgha was exalted by your worship.
You were not hungry.

You visited 7 branches of the dungeon, and saw 36 of its levels.
You visited the Abyss 1 time.
You also visited: Sewer and Desolation.

You collected 4334 gold pieces.
You spent 3304 gold pieces at shops.

Inventory:

Hand Weapons
 a - a +9 quick blade of pain (weapon)
Missiles
 C - 2 throwing nets (quivered)
Armour
 w - a +2 pair of gloves (worn)
 B - a +2 hat (worn)
 G - the +3 leather armour of Nobility (worn) {Int+6}
   (You found it on level 2 of the Swamp)

   It affects your intelligence (+6).
 Q - a +0 buckler (worn)
 U - the +1 cloak of the Abyss (worn) {rF+ rC+}
   (You found it on level 2 of the Swamp)

   It protects you from fire.
   It protects you from cold.
Jewellery
 t - the ring of Varoicuh (right hand) {rCorr rF+ Int-2 Dex+7 Slay+3}
   (You bought it in a shop on level 2 of the Vaults)

   [ring of resist corrosion]

   It affects your intelligence (-2).
   It affects your dexterity (+7).
   It affects your accuracy and damage with ranged weapons and melee attacks
   (+3).
   It protects you from fire.
 y - an uncursed ring of poison resistance
 D - an uncursed ring of protection from magic
 H - an uncursed ring of protection from cold
 O - a +6 amulet of reflection (around neck)
 T - an uncursed ring of fire
 W - the ring of the Empire (left hand) {MR++ Str+5}
   (You bought it in a shop on level 4 of the Vaults)

   [ring of strength]

   It affects your strength (+5).
   It affects your resistance to hostile enchantments.
Wands
 g - a wand of clouds (5/9)
 m - a wand of iceblast (9/15)
 I - a wand of disintegration (6/24)
 K - a wand of clouds (4/9)
 N - a wand of iceblast (6/15)
Scrolls
 b - 3 scrolls of holy word
 d - a scroll of enchant weapon
 e - 19 scrolls of teleportation
 f - 9 scrolls of recharging
 h - 7 scrolls of magic mapping
 i - 6 scrolls of fog
 j - a scroll of fear
 l - 12 scrolls of blinking
 o - a scroll of enchant armour
 S - 8 scrolls of remove curse
 V - 3 scrolls of identify
 X - 2 scrolls of silence
Potions
 n - a potion of resistance
 p - 2 potions of invisibility
 q - 15 potions of curing
 r - 2 potions of cancellation
 u - 8 potions of might
 x - 11 potions of heal wounds
 z - 5 potions of flight
 E - a potion of magic
 M - 3 potions of agility
 R - a potion of haste
Miscellaneous
 c - 2 sacks of spiders
 v - a fan of gales
 L - a phial of floods
 P - a lightning rod (1/4)
Comestibles
 k - 21 meat rations {@e2}
 A - 33 fruits


   Skills:
 - Level 17.0 Fighting
 - Level 10.0 Short Blades
 + Level 16.5 Dodging
 - Level 15.0 Stealth
 - Level 5.8 Shields
 + Level 13.8 Spellcasting
 + Level 10.8 Conjurations
 - Level 4.0 Charms
 - Level 1.0 Summonings
 - Level 16.4 Necromancy
 - Level 3.3 Translocations


You had 11 spell levels left.
You knew the following spells:

 Your Spells              Type           Power        Failure   Level  Hunger
a - Magic Dart            Conj           ####         1%          1    None
c - Conjure Flame         Conj/Fire      ######..     1%          3    None
d - Mephitic Cloud        Conj/Pois/Air  #####...     1%          3    None
e - Call Imp              Summ           ####....     3%          2    None
g - Regeneration          Chrm/Necr      ######....   1%          3    None
i - Bolt of Draining      Conj/Necr      #######...   1%          5    None
n - Animate Skeleton      Necr           N/A          0%          1    None
o - Agony                 Necr           #######.     1%          5    None
p - Blink                 Tloc           N/A          1%          2    None
u - Dispel Undead         Necr           #######.     1%          5    None
v - Sublimation of Blood  Necr           #######...   0%          2    None
N - Animate Dead          Necr           N/A          1%          4    None


Dungeon Overview and Level Annotations

Branches:
Dungeon (15/15)            Temple (1/1) D:5            Lair (6/6) D:10
  Swamp (4/4) Lair:4        Snake (4/4) Lair:3        Slime (0/5) Lair:5
    Orc (2/2) D:12            Elf (0/3) Orc:2        Vaults (4/5) D:13
  Crypt (0/3) Vaults:2     Depths (0/5) D:15

Altars:
Ashenzari
Cheibriados
Dithmenos
Elyvilon
Fedhas
Gozag
Hepliaklqana
Kikubaaqudgha
Makhleb
Nemelex Xobeh
Okawaru
Qazlal
Ru
Sif Muna
Trog
Uskayaw
Vehumet
Xom
Yredelemnul
Zin
The Shining One
Beogh
Jiyva

Shops:
D:6 ?   D:9 *   D:11 ?**   D:12 (   D:13 *   Orc:2 ?}(*   Snake:4 =}=
Vaults:2 (==   Vaults:4 =

Portals:
Trove: D:10 (give +2 storm dragon scales)

Annotations:
D:3 Grinder
D:4 Dowan
D:8 Gastronok, Joseph
D:11 exclusion: Harold, Harold, Nergalle
Lair:1 exclusion: hydra
Swamp:1 exclusions: Kirke and 4 hogs, Kirke
Snake:1 Roxanne
Snake:2 3 runed doors
Vaults:3 Mennas


Innate Abilities, Weirdness & Mutations

You have hooves in place of feet.
You have a moderately thin skeletal structure. (Dex +4, Stealth+)
Your flesh is heat resistant. (rF+)
You are completely covered in sharp spines.
When hurt, damage is shared between your health and your magic reserves.
You regenerate magic rapidly.


Message History

You see here a serpentine rune of Zot.
You take 35 damage, and have 19/174 hp.
MASSIVE DAMAGE!!
You now have 0/38 mp.
You pick up the serpentine rune and feel its power.
You now have 2 runes.
Press } to see all the runes you have collected.
* * * LOW HITPOINT WARNING * * *
You feel very sick.
The nagaraja hits you from afar with a spear!
* * * LOW HITPOINT WARNING * * *
The naga mage hits you from afar with a spear.
* * * LOW HITPOINT WARNING * * *
You hear a thunk.
The nagaraja spits poison at you.
The splash of poison reflects off an invisible shield around you!
The splash of poison hits the nagaraja.
The nagaraja is poisoned.
The naga sharpshooter gestures wildly while chanting.
The naga sharpshooter magically shoots an arrow.
The arrow hits you!
You die...
Kikubaaqudgha rasps: "You have failed me!
Welcome... death!"

#.#
#.....#######.....##....#
#.#
##...###.....##.....#....#
#.#
#...##........##....%....#
#.#
##...#....Z...Z.##........#
#.#
#...##...Z###ZZ..##.......#
#.#
#..(#..NN#####.Z..##......#
#.#
#..Z#..N##...##ZZ.###.....##
#.#
#...#..(#.†(..##Z.Z###.....#
#.# #..%#...#N†@...#)Z)#
#...... #.#
#...##..NNS....#.(.# #......
..# ##..(#........##)..#
#...... ..#
#...##..(...N#.().# #..)...
.## ##...##....###)..##
#....#. .# #....######())..#
#....## .# ##........)....##
#..).## .# ##.......(...##
#....# .# ###......####
#....#


You could see a nagaraja, 2 naga sharpshooters, a guardian serpent and a naga
mage.

Vanquished Creatures
  Vashnia (Snake:3)
  Saint Roka (Orc:2)
  Bai Suzhen (Swamp:3)
  2 bone dragons (Abyss:2)
  A lich (Vaults:4)
  Rupert (D:13)
  Jorgrun (Snake:3)
  Agnes (Snake:3)
  A thorn hunter (Swamp:3)
  A tentacled starspawn (Abyss:2)
  A sphinx (Vaults:4)
  10 nagarajas
  A storm dragon (Vaults:4)
  2 fire giants (Vaults:4)
  Donald (Snake:1)
  2 tengu reavers (Vaults:4)
  9 vault wardens
  A deep elf sorcerer (Vaults:2)
  An orc warlord (Orc:2)
  Louise (Swamp:3)
  A frost giant (Vaults:2)
  5 very ugly things
  12 ironheart preservers
  5 stone giants
  Azrael (Snake:1)
  A deep elf demonologist (Vaults:3)
  3 entropy weavers
  3 ettins
  A minotaur (shapeshifter) (Vaults:4)
  The ghost of shmesh the Blocker, a journeyman FoFi of Okawaru (D:12)
  Josephine (Orc:1)
  A great orb of eyes (Vaults:4)
  2 ragged hierophants (Desolation)
  Erolcha (Orc:1)
  4 fire dragons
  6 yaktaur captains
  A servant of whispers (Desolation)
  22 hydras
  7 vault guards
  3 rakshasas (Vaults:1)
  3 ghost crabs
  A peacekeeper (Desolation)
  25 naga warriors
  3 ice dragons
  7 centaur warriors
  3 death knights
  6 death yaks
  11 anacondas
  13 ogre magi
  33 two-headed ogres
  A catoblepas (Lair:3)
  7 alligators
  A queen ant (Lair:4)
  A thrashing horror (Abyss:2)
  3 deep troll earth magi (Vaults:4)
  5 tengu warriors
  3 orc high priests
  16 naga sharpshooters
  A wretched star (Abyss:2)
  Sonja (Lair:1)
  2 spriggans (Swamp:2)
  6 shock serpents
  6 deep elf knights
  6 skeletal warriors (Vaults:2)
  A shadow wraith (Vaults:4)
  4 unseen horrors
  A salamander mystic (Snake:4)
  An unseen horror (shapeshifter) (Vaults:1)
  A storm dragon skeleton (Vaults:2)
  6 deep trolls (Vaults:4)
  3 shambling mangroves
  2 wizards
  10 ironbrand convokers
  5 deep elf archers
  10 swamp dragons
  A lindwurm (Lair:6)
  A flayed ghost (Vaults:4)
  4 spriggan druids
  8 naga ritualists
  3 necromancers
  7 harpies
  14 orc knights
  11 deep elf magi
  9 mana vipers
  5 orc sorcerers
  2 cyclopes
  30 ugly things
  6 salamanders
  6 manticores
  8 wolf spiders
  3 large abominations (Abyss:2)
  6 elephants
  2 sphinx skeletons (Vaults:2)
  15 naga magi
  9 guardian serpents
  14 vault sentinels
  An orange demon (Abyss:2)
  2 gargoyles
  21 spiny frogs
  A torpor snail (Lair:6)
  47 black mambas
  A spiny frog (shapeshifter) (D:14)
  3 rime drakes (Lair:6)
  A kobold demonologist (D:9)
  23 yaktaurs
  An efreet (D:15)
  An emperor scorpion zombie (Abyss:2)
  4 tengu conjurers
  7 komodo dragons
  2 freezing wraiths (Vaults:3)
  A tyrant leech (shapeshifter) (D:13)
  2 yaktaur skeletons (Vaults:2)
  11 trolls
  Prince Ribbit (D:6)
  A sphinx simulacrum (Vaults:1)
  2 polar bears
  5 tyrant leeches
  3 human skeletons (Vaults:2)
  A raiju (Abyss:2)
  12 bog bodies
  19 hornets
  10 saltlings
  5 blink frogs
  12 hippogriffs
  A flying skull (Abyss:2)
  44 slime creatures
  2 dream sheep
  2 human simulacra
  3 shadows
  Sigmund (D:6)
  2 redbacks (Lair:6)
  6 wyverns
  4 small abominations (Abyss:2)
  A ynoxinul (Abyss:2)
  A steam dragon (D:12)
  A yak (shapeshifter) (Vaults:1)
  5 fire elementals
  9 wraiths
  46 yaks
  13 humans
  5 basilisks
  2 chaos spawn (Abyss:2)
  2 hungry ghosts
  8 vampire mosquitoes
  4 wargs
  53 nagas
  7 insubstantial wisps (Swamp:2)
  An acid dragon (Vaults:1)
  A hell hound (Snake:1)
  14 soldier ants
  14 swamp worms
  Duvessa (D:4)
  23 water moccasins
  4 porcupines
  2 black bears
  4 ice beasts
  13 swamp drakes
  35 orc warriors
  3 sky beasts
  An eye of draining (D:13)
  2 necrophages
  A phantom (D:5)
  11 centaurs
  34 ogres
  A boggart (Vaults:3)
  14 wolves
  14 crocodiles
  An elf skeleton (Vaults:2)
  3 big kobolds
  27 bullfrogs
  Blork the orc (D:4)
  A gnoll sergeant (Orc:1)
  A glowing shapeshifter simulacrum (Vaults:2)
  12 scorpions
  A water moccasin skeleton (D:5)
  3 killer bees (D:11)
  6 electric eels
  10 howler monkeys
  2 crimson imps (D:5)
  5 jellies
  A lava snake (Lair:4)
  3 quasits
  2 bullfrog zombies
  4 centaur zombies
  30 orc priests
  5 hounds
  5 centaur skeletons
  A bullfrog skeleton (D:11)
  6 iguanas
  24 worker ants
  38 orc wizards
  5 hell rats
  2 polar bear simulacra (D:9)
  3 yak simulacra (D:9)
  3 wolf simulacra (D:9)
  A killer bee zombie (D:7)
  2 big kobold zombies (Sewer)
  A hound skeleton (D:9)
  2 worker ant zombies
  10 gnolls
  12 adders
  A howler monkey skeleton (D:10)
  10 shadow imps
  An ufetubus (Sewer)
  An adder skeleton (D:4)
  2 adder zombies
  2 worms
  A dart slug (D:1)
  3 leopard geckos
  112 orcs
  4 giant cockroaches
  5 goblins
  5 hobgoblins
  3 jackals
  39 kobolds
  3 quokkas
  3 ball pythons
  7 bats
  3 frilled lizards
  A giant cockroach zombie (Sewer)
  A goblin zombie (D:8)
  A jackal skeleton (D:6)
  2 leopard gecko skeletons
  A quokka skeleton (D:3)
  A quokka zombie (D:8)
  16 rats
  3 river rat simulacra (D:9)
  2 plants (D:10)
1574 creatures vanquished.

Vanquished Creatures (collateral kills)
  A thorn hunter (Swamp:3)
  A nagaraja (Snake:4)
  The ghost of minmay the Brawler, a journeyman DrTm (Lair:3)
  A stone giant (Vaults:2)
  2 naga warriors (Snake:2)
  2 hydras
  A servant of whispers (Desolation)
  A death knight (Vaults:2)
  2 ogre magi (Vaults:2)
  9 two-headed ogres
  2 alligators (Swamp:2)
  A centaur warrior (Vaults:4)
  A death yak (Lair:6)
  2 naga sharpshooters (Snake:4)
  An orc high priest (Orc:2)
  2 naga ritualists (Snake:4)
  3 shambling mangroves
  An unseen horror (Vaults:1)
  2 deep trolls (Vaults:4)
  A deep elf archer (Vaults:2)
  A swamp dragon (Swamp:1)
  2 harpies (Vaults:2)
  An ugly thing (Vaults:2)
  2 mana vipers (Snake:4)
  A cyclops (D:14)
  A salamander (Snake:4)
  2 elephants
  2 guardian serpents (Snake:4)
  4 vault sentinels
  A centaur zombie (D:12)
  A black mamba (Lair:6)
  3 naga magi (Snake:4)
  A centaur skeleton (D:14)
  7 spiny frogs
  4 yaktaurs
  A rime drake (Lair:1)
  A tengu conjurer (D:15)
  3 tyrant leeches
  9 saltlings (Desolation)
  4 hornets
  A blink frog (Swamp:3)
  5 slime creatures
  3 hippogriffs
  2 human simulacra (Vaults:2)
  3 dream sheep (Lair:6)
  A meliai zombie (D:14)
  A bog body (Swamp:4)
  2 wyverns (Lair:6)
  A spriggan (Lair:1)
  A human (D:13)
  12 yaks
  A vampire mosquito (Swamp:2)
  14 nagas
  A soldier ant (Lair:4)
  A warg (Vaults:4)
  3 insubstantial wisps (Swamp:2)
  3 swamp worms
  4 water moccasins
  2 porcupines
  6 orc warriors
  8 swamp drakes
  11 ogres
  3 wolves
  3 human skeletons (Vaults:2)
  4 crocodiles
  A crimson imp (D:9)
  A lava snake (Lair:4)
  A hound (D:10)
  A hell rat (Lair:6)
  3 worker ants
  A gnoll (D:9)
  7 adders
  5 worms
  A leopard gecko (D:4)
  5 orcs
  3 briar patches (Swamp:3)
  7 plants
220 creatures vanquished.

Vanquished Creatures (others)
  3 centaur warriors
  2 naga sharpshooters
  2 cyclopes
  A yaktaur (Vaults:3)
  2 saltlings (Desolation)
  A swamp drake (Swamp:2)
  A centaur (D:15)
  A hound (D:5)
  An orc wizard (Orc:2)
  An adder zombie (D:5)
  An orc (Orc:2)
  A kobold zombie (Sewer)
  6 fungi
  7 plants
  4 starspawn tentacles (Abyss:2)
34 creatures vanquished.

Grand Total: 1828 creatures vanquished

Notes
Turn   | Place    | Note
-------+----------+-------------------------------------------
     0 | D:1      | vale the Demonspawn Wizard began the quest for the Orb.
     0 | D:1      | Reached XP level 1. HP: 13/13 MP: 4/4
   384 | D:1      | Gained mutation: When hurt, damage is shared between your health and your magic reserves. [demonic ancestry]
   384 | D:1      | Reached XP level 2. HP: 19/19 MP: 3/6
   388 | D:1      | Learned a level 2 spell: Call Imp
   391 | D:1      | Learned a level 2 spell: Blink
  1176 | D:2      | Reached XP level 3. HP: 24/24 MP: 2/7
  1181 | D:2      | Learned a level 3 spell: Conjure Flame
  2431 | D:3      | Gained mutation: You have large cloven feet. [demonic ancestry]
  2431 | D:3      | Reached XP level 4. HP: 30/30 MP: 5/8
  3016 | D:3      | Noticed Grinder
  3410 | D:4      | Found a glowing drain.
  3425 | Sewer    | Entered a sewer
  3839 | Sewer    | Reached XP level 5. HP: 34/35 MP: 2/9
  3941 | Sewer    | Reached skill level 5 in Conjurations
  5482 | D:1      | Learned a level 3 spell: Mephitic Cloud
  6108 | D:4      | Noticed Dowan
  6163 | D:2      | Gained mutation: You regenerate magic rapidly. [demonic ancestry]
  6163 | D:2      | Reached XP level 6. HP: 41/41 MP: 4/12
  6476 | D:4      | Noticed Blork the orc
  7511 | D:4      | Noticed Duvessa
  7706 | D:4      | Noticed an orc warrior
  7715 | D:4      | Killed an orc warrior
  7715 | D:4      | Reached skill level 5 in Spellcasting
  7799 | D:4      | Gained mutation: You are partially covered in sharp spines. [demonic ancestry]
  7799 | D:4      | Reached XP level 7. HP: 46/46 MP: 6/15
  7915 | D:4      | Killed Blork the orc
  8105 | D:4      | Killed Duvessa
  8467 | D:5      | Entered Level 5 of the Dungeon
  8776 | D:5      | Found a staircase to the Ecumenical Temple.
  8942 | Temple   | Entered the Ecumenical Temple
  9072 | Temple   | Became a worshipper of Kikubaaqudgha
  9243 | D:5      | Reached skill level 1 in Fighting
  9243 | D:5      | Reached XP level 8. HP: 54/54 MP: 12/19
  9552 | D:5      | Reached skill level 2 in Fighting
  9594 | D:5      | Found a shimmering altar of Xom.
  9747 | D:5      | Found a hide-covered altar of Uskayaw.
  9906 | D:5      | Reached skill level 3 in Fighting
  9956 | D:6      | Found Guniteuts's Magic Scroll Shop.
  9965 | D:6      | Bought a scroll of remove curse for 39 gold pieces
  9965 | D:6      | Bought a scroll of identify for 26 gold pieces
 10047 | D:6      | Bought a scroll of remove curse for 39 gold pieces
 10085 | D:6      | Noticed Prince Ribbit
 10131 | D:6      | Reached * piety under Kikubaaqudgha
 10131 | D:6      | Identified Kikubaaqudgha's Tome of Dark Arts (Kikubaaqudgha gifted it to you on level 6 of the Dungeon)
 10131 | D:6      | Received a gift from Kikubaaqudgha
 10417 | D:6      | Learned a level 1 spell: Animate Skeleton
 10421 | D:6      | Learned a level 3 spell: Regeneration
 10424 | D:6      | Learned a level 2 spell: Sublimation of Blood
 10430 | D:6      | Noticed Sigmund
 10526 | D:6      | Killed Sigmund
 10526 | D:6      | Reached skill level 4 in Fighting
 10711 | D:6      | Found an opulent altar of Gozag.
 10711 | D:6      | Found a blossoming altar of Fedhas.
 10833 | D:6      | Killed Prince Ribbit
 10833 | D:6      | Reached skill level 5 in Fighting
 10833 | D:6      | Reached skill level 5 in Dodging
 10884 | D:5      | Gained mutation: You are mostly covered in sharp spines. [demonic ancestry]
 10884 | D:5      | Reached XP level 9. HP: 63/68 MP: 17/20
 10898 | D:6      | Reached skill level 1 in Necromancy
 11794 | D:7      | Found a deep blue altar of Sif Muna.
 12262 | D:7      | Reached skill level 5 in Necromancy
 12659 | D:8      | Noticed Joseph
 12755 | D:8      | Noticed Gastronok
 12830 | D:8      | Noticed a two-headed ogre
 12854 | D:7      | Killed a two-headed ogre
 13258 | D:8      | Noticed a two-headed ogre
 13519 | D:8      | Reached skill level 5 in Stealth
 13519 | D:8      | Reached XP level 10. HP: 74/74 MP: 16/21
 13791 | D:8      | Reached ** piety under Kikubaaqudgha
 13933 | D:8      | Killed a two-headed ogre
 14139 | D:7      | Reached skill level 1 in Short Blades
 15354 | D:9      | Found Ucwiusso's Assorted Antiques.
 15360 | D:9      | Noticed a sun demon
 15406 | D:9      | Bought a potion of heal wounds for 125 gold pieces
 15406 | D:9      | Bought a sapphire potion for 22 gold pieces
 15497 | D:9      | Noticed a necromancer
 15551 | D:9      | Got a transparent mace
 15923 | D:9      | Killed a necromancer
 16109 | D:9      | Reached *** piety under Kikubaaqudgha
 16109 | D:9      | Identified Kikubaaqudgha's Tome of Black Rituals (Kikubaaqudgha gifted it to you on level 9 of the Dungeon)
 16109 | D:9      | Received a gift from Kikubaaqudgha
 16119 | D:9      | Learned a level 5 spell: Bolt of Draining
 16150 | D:9      | Identified the +7 mace of the Hierophant {drain, Str+3} (You found it on level 9 of the Dungeon)
 16246 | D:9      | Reached skill level 5 in Short Blades
 16445 | D:10     | Entered Level 10 of the Dungeon
 16472 | D:10     | You fall through a shaft!
 16474 | D:11     | Noticed Nergalle
 16474 | D:11     | Noticed Harold
 16560 | D:11     | Gained mutation: You have hoof-like feet. [demonic ancestry]
 16560 | D:11     | Reached XP level 11. HP: 79/79 MP: 8/22
 16636 | D:11     | Found Wicommor's General Store.
 16644 | D:11     | Bought a scroll of identify for 24 gold pieces
 17115 | D:10     | Reached **** piety under Kikubaaqudgha
 17316 | D:10     | Found a portal to a secret trove of treasure.
 17807 | D:10     | Found a staircase to the Lair.
 17999 | Lair:1   | Entered Level 1 of the Lair of Beasts
 18593 | Lair:1   | Noticed a seven-headed hydra
 19047 | Lair:1   | Noticed Sonja
 19053 | Lair:1   | Killed Sonja
 19458 | Lair:1   | Reached skill level 10 in Spellcasting
 19830 | Lair:1   | Noticed a death yak
 19835 | Lair:1   | Killed a death yak
 20364 | Lair:2   | Gained mutation: You are completely covered in sharp spines. [demonic ancestry]
 20364 | Lair:2   | Reached XP level 12. HP: 63/86 MP: 20/26
 20392 | Lair:2   | Reached skill level 1 in Charms
 20936 | Lair:3   | Noticed a death yak
 20958 | Lair:3   | Noticed a death yak
 20958 | Lair:3   | Noticed a death yak
 20982 | Lair:3   | Noticed a catoblepas
 20984 | Lair:3   | Killed a catoblepas
 21137 | Lair:3   | Reached ***** piety under Kikubaaqudgha
 21240 | Lair:3   | Found a staircase to the Snake Pit.
 21331 | Lair:3   | Noticed minmay's ghost (journeyman DrTm)
 21392 | Lair:2   | Learned a level 5 spell: Dispel Undead
 21398 | Lair:2   | Learned a level 5 spell: Agony
 21634 | Lair:3   | Killed a death yak
 21639 | Lair:3   | Killed a death yak
 21644 | Lair:3   | Killed a death yak
 21779 | Lair:3   | Killed minmay's ghost
 22181 | Lair:4   | Reached skill level 1 in Translocations
 22581 | Lair:4   | Noticed an entropy weaver
 22583 | Lair:4   | Noticed a queen ant
 22584 | Lair:4   | Noticed an entropy weaver
 22673 | Lair:4   | Killed an entropy weaver
 22673 | Lair:4   | Reached skill level 6 in Fighting
 22950 | Lair:4   | Killed a queen ant
 23304 | Lair:4   | Killed an entropy weaver
 23304 | Lair:4   | Reached skill level 7 in Fighting
 23649 | Lair:4   | Reached XP level 13. HP: 96/96 MP: 16/27
 23806 | Lair:4   | Found a staircase to the Swamp.
 24192 | Lair:4   | Reached skill level 10 in Necromancy
 24596 | Lair:5   | Found a staircase to the Slime Pits.
 24596 | Lair:5   | Found a viscous altar of Jiyva.
 24728 | Lair:5   | Got a faintly glowing leather armour
 25336 | Lair:6   | Entered Level 6 of the Lair of Beasts
 26390 | Lair:6   | Reached ****** piety under Kikubaaqudgha
 27599 | Lair:6   | Got a translucent leather armour
 27871 | Lair:6   | Gained mutation: You have a somewhat thin skeletal structure. (Dex +2, Stealth) [demonic ancestry]
 27871 | Lair:6   | Reached XP level 14. HP: 103/103 MP: 17/28
 28084 | Lair:5   | Reached skill level 10 in Dodging
 28392 | Lair:6   | Reached skill level 8 in Fighting
 28770 | Lair:1   | Identified the +1 leather armour of Toempivu {rN+} (You found it on level 6 of the Lair of Beasts)
 28791 | Lair:1   | Identified the +1 leather armour "Kurr" {Str+4} (You found it on level 5 of the Lair of Beasts)
 28927 | D:11     | Found Joqoqaaj's Magic Scroll Shop.
 28936 | D:11     | Bought a scroll of blinking for 120 gold pieces
 28936 | D:11     | Bought a scroll of acquirement for 832 gold pieces
 28939 | D:11     | Identified a +8 quick blade of pain (a +6 quick blade bloodied by Kikubaaqudgha)
 28939 | D:11     | Received a gift from Kikubaaqudgha
 29191 | D:11     | Found Veite's General Store.
 29204 | D:11     | Reached skill level 1 in Shields
 29278 | D:11     | Bought a scroll of teleportation for 36 gold pieces
 29625 | D:12     | Found Unibodgh's Antique Weapon Boutique.
 29760 | D:12     | Noticed shmesh's ghost (journeyman FoFi)
 29763 | D:12     | Killed shmesh's ghost
 30110 | D:12     | Reached skill level 5 in Shields
 30163 | D:12     | Found a sparkling altar of Nemelex Xobeh.
 30270 | D:12     | Found a staircase to the Orcish Mines.
 30511 | Orc:1    | Entered Level 1 of the Orcish Mines
 30781 | Orc:1    | Noticed Josephine
 30933 | Orc:1    | Killed Josephine
 31178 | Orc:2    | Entered Level 2 of the Orcish Mines
 31178 | Orc:2    | Noticed Erolcha
 31197 | Orc:2    | Noticed a stone giant
 31201 | Orc:2    | Noticed Saint Roka
 31202 | Orc:2    | Killed a stone giant
 31202 | Orc:2    | Reached skill level 9 in Fighting
 31290 | Orc:1    | Killed Erolcha
 31576 | Orc:2    | Noticed an orc warlord
 31842 | Orc:2    | Killed an orc warlord
 32236 | Orc:2    | Reached XP level 15. HP: 115/115 MP: 15/29
 32364 | Orc:2    | Reached skill level 10 in Fighting
 32544 | Orc:2    | Found a staircase to the Elven Halls.
 32683 | Orc:2    | Found Xusakuce's Assorted Antiques.
 32683 | Orc:2    | Found Geqypha's Magic Scroll Shoppe.
 32686 | Orc:2    | Found Vaseju's Weapon Boutique.
 32686 | Orc:2    | Found Lituply's Gadget Shoppe.
 32703 | Orc:2    | Bought a scroll of identify for 30 gold pieces
 32708 | Orc:2    | Bought an embroidered cloak for 217 gold pieces
 33304 | Orc:2    | Killed Saint Roka
 33304 | Orc:2    | Reached skill level 11 in Fighting
 33633 | Orc:1    | Found a roughly hewn altar of Beogh.
 34035 | D:13     | Found a gate to the Vaults.
 34035 | D:13     | Noticed Rupert
 34972 | Swamp:1  | Entered Level 1 of the Swamp
 35774 | Swamp:1  | Noticed Kirke
 35959 | Swamp:1  | Learned a level 4 spell: Animate Dead
 36872 | Swamp:2  | Got a spiked cloak
 36899 | Swamp:2  | Identified the +1 cloak of the Abyss {rF+ rC+} (You found it on level 2 of the Swamp)
 37099 | Swamp:2  | Got a brightly glowing leather armour
 37110 | Swamp:2  | Identified the +3 leather armour of Nobility {Int+6} (You found it on level 2 of the Swamp)
 37565 | Swamp:3  | Reached XP level 16. HP: 107/126 MP: 17/32
 37598 | Swamp:3  | Noticed a thorn hunter
 37638 | Swamp:3  | Killed a thorn hunter
 37762 | Swamp:3  | Noticed Bai Suzhen
 38119 | Swamp:3  | Noticed a thorn hunter
 38451 | Swamp:3  | Killed a thorn hunter
 38471 | Swamp:3  | Noticed Louise
 38480 | Swamp:3  | Killed Louise
 38579 | Swamp:3  | Killed Bai Suzhen
 38943 | D:13     | Killed Rupert
 39053 | D:13     | Found Nevuemu's General Store.
 39060 | D:13     | Bought a scroll of identify for 34 gold pieces
 39383 | D:14     | Found a shadowy altar of Dithmenos.
 39801 | D:14     | Reached skill level 10 in Stealth
 40593 | D:15     | Entered Level 15 of the Dungeon
 41179 | D:15     | Reached XP level 17. HP: 131/131 MP: 34/34
 41238 | D:15     | Found a staircase to the Depths.
 41498 | D:15     | Found a sacrificial altar of Ru.
 41833 | Snake:1  | Entered Level 1 of the Snake Pit
 41897 | Snake:1  | Noticed Roxanne
 41999 | Snake:1  | Reached skill level 12 in Fighting
 42389 | Snake:1  | Noticed Donald
 43324 | Snake:1  | Noticed Azrael
 43421 | Snake:1  | Killed Azrael
 43812 | Snake:1  | Killed Donald
 44224 | Snake:2  | Reached skill level 13 in Fighting
 44361 | Snake:2  | Found a runed gate.
 44362 | Snake:2  | Found a runed gate.
 44362 | Snake:2  | Found a runed gate.
 45181 | Snake:3  | Noticed Vashnia
 45303 | Snake:3  | Killed Vashnia
 45987 | Snake:3  | Noticed Jorgrun
 46004 | Snake:3  | Killed Jorgrun
 46048 | Snake:3  | Noticed Agnes
 46118 | Snake:3  | Killed Agnes
 46576 | Snake:3  | Reached XP level 18. HP: 143/143 MP: 17/35
 47305 | Swamp:4  | Entered Level 4 of the Swamp
 48623 | Swamp:4  | Got a decaying rune of Zot
 49531 | Vaults:1 | Entered Level 1 of the Vaults
 49540 | Vaults:1 | Found a ruined gateway.
 49546 | Desolati | Entered the Desolation of Salt
 50544 | Vaults:1 | Reached skill level 15 in Dodging
 51645 | Vaults:1 | Reached skill level 14 in Fighting
 52196 | Vaults:1 | Gained mutation: You have hooves in place of feet. [demonic ancestry]
 52196 | Vaults:1 | Reached XP level 19. HP: 153/153 MP: 36/36
 52764 | Vaults:2 | Reached skill level 15 in Fighting
 53585 | Vaults:2 | Cast into level 2 of the Abyss (a deep elf sorcerer)
 53670 | Abyss:2  | Found a shadowy altar of Dithmenos.
 53846 | Abyss:2  | Noticed a bone dragon
 53887 | Abyss:2  | Noticed a bone dragon
 53914 | Abyss:2  | Killed a bone dragon
 54272 | Abyss:2  | Noticed a bone dragon
 54280 | Abyss:2  | Killed a bone dragon
 54282 | Vaults:2 | Escaped the Abyss
 55061 | Vaults:2 | Reached skill level 15 in Stealth
 56103 | Vaults:2 | Found a staircase to the Crypt.
 56217 | Vaults:2 | Found Tomyopn's Jewellery Shop.
 56217 | Vaults:2 | Found Bireifua's Jewellery Shop.
 56239 | Vaults:2 | Found Osieze's Weapon Shop.
 56518 | Vaults:3 | Reached skill level 10 in Short Blades
 56671 | Vaults:3 | Reached skill level 15 in Necromancy
 56803 | Vaults:3 | Gained mutation: You have a moderately thin skeletal structure. (Dex +4, Stealth+) [demonic ancestry]
 56803 | Vaults:3 | Reached XP level 20. HP: 162/162 MP: 17/37
 57278 | Vaults:3 | Noticed Mennas
 58241 | Vaults:4 | Found Xefuergh's Jewellery Emporium.
 58498 | Vaults:4 | Bought the ring of the Empire {MR++ Str+5} for 1018 gold pieces
 58572 | Vaults:4 | Reached skill level 16 in Fighting
 59826 | Vaults:4 | Reached skill level 17 in Fighting
 60012 | Vaults:2 | Bought the ring of Varoicuh {rCorr rF+ Int-2 Dex+7 Slay+3} for 742 gold pieces
 60417 | Snake:4  | Entered Level 4 of the Snake Pit
 61232 | Snake:4  | Gained mutation: Your flesh is heat resistant. (rF+) [demonic ancestry]
 61232 | Snake:4  | Reached XP level 21. HP: 172/174 MP: 15/38
 61630 | Snake:4  | Reached skill level 10 in Conjurations
 62068 | Snake:4  | Found Ibroe's Gadget Shoppe.
 62069 | Snake:4  | Found Futiff's Jewellery Shop.
 62069 | Snake:4  | Found Yzuriud's Jewellery Shop.
 62829 | Snake:4  | Got a serpentine rune of Zot
 62829 | Snake:4  | HP: 5/174 [nagaraja/spear (10)]
 62829 | Snake:4  | Shot with an arrow by a naga sharpshooter

Skill      XL: |  1  2  3  4  5  6  7  8  9 10 11 12 13 14 15 16 17 18 19 20 21 |
---------------+----------------------------------------------------------------+-----
Conjurations   | 2 3 4 5 6 9 10 | 10.8
Spellcasting   | 4 5 7 10 12 13 | 13.8
Dodging        | 2 5 9 10 13 15 16 | 16.5
Fighting       | 1 5 7 9 11 13 14 15 17 | 17.0
Stealth        | 5 7 9 11 12 15 | 15.0
Necromancy     | 7 9 11 12 14 15 16 | 16.4
Short Blades   | 5 6 8 10 | 10.0
Charms         | 4 |  4.0
Translocations | 3 |  3.3
Shields        | 5 |  5.8
Summonings     | |  1.0

Action                   |  1- 3 |  4- 6 |  7- 9 | 10-12 | 13-15 | 16-18 | 19-21 || total
-------------------------+-------+-------+-------+-------+-------+-------+-------++-------
Melee: Whip              |    11 |    16 |       |       |       |       |       ||    27
       Kick              |       |    10 |    14 |    68 |   195 |       |   430 ||   717
       Dagger            |       |     6 |    43 |   183 |   237 |       |       ||   469
       Mace              |       |       |       |   139 |       |       |       ||   139
       Blowgun           |       |       |       |     1 |       |       |       ||     1
       Quick blade       |       |       |       |       |   838 |  1277 |  1237 ||  3352
 Fire: Blowgun           |       |       |    12 |     6 |       |       |       ||    18
Throw: Throwing net      |       |       |       |     1 |       |       |       ||     1
 Cast: Magic Dart        |    86 |   184 |   310 |   385 |    60 |    26 |    18 ||  1069
       Call Imp          |    13 |    26 |     3 |       |       |       |       ||    42
       Conjure Flame     |       |    14 |    31 |    53 |    12 |    10 |       ||   120
       Blink             |       |     4 |     4 |     8 |    12 |     2 |     6 ||    36
       Mephitic Cloud    |       |     4 |    26 |    34 |     4 |     1 |     1 ||    70
       Animate Skeleton  |       |       |     3 |    67 |   145 |    72 |    40 ||   327
       Bolt of Draining  |       |       |       |    60 |   263 |   209 |   230 ||   762
       Regeneration      |       |       |       |    10 |    48 |    50 |    53 ||   161
       Dispel Undead     |       |       |       |     2 |    18 |    15 |    51 ||    86
       Sublimation of Bl |       |       |       |     1 |    22 |    18 |    20 ||    61
       Agony             |       |       |       |       |    26 |    40 |       ||    66
       Animate Dead      |       |       |       |       |     4 |    54 |    70 ||   128
Invok: Brand Weapon With |       |       |       |       |     1 |       |       ||     1
       Receive Corpses   |       |       |       |       |     1 |     8 |     5 ||    14
Evoke: Wand              |       |       |     3 |       |     2 |     1 |     1 ||     7
       Lightning rod     |       |       |       |       |     3 |       |       ||     3
  Use: Potion            |       |     4 |       |       |       |     1 |       ||     5
       Scroll            |       |     9 |     8 |    12 |    15 |     3 |     9 ||    56
 Stab: Distracted        |     1 |       |       |     1 |     6 |    14 |    16 ||    38
       Confused          |       |     1 |     6 |     4 |     4 |       |       ||    15
       Sleeping          |       |       |       |       |    15 |    36 |     9 ||    60
  Eat: Chunk             |     5 |    13 |     7 |    35 |    71 |    30 |    17 ||   178
       Bread ration      |       |     1 |     2 |     2 |     3 |     3 |     2 ||    13
       Fruit             |       |     1 |       |       |     1 |     1 |     2 ||     5
       Royal jelly       |       |       |       |       |     3 |     1 |     3 ||     7
       Meat ration       |       |       |       |       |       |     1 |     1 ||     2
Armor: Robe              |     4 |     6 |    15 |    44 |    36 |       |       ||   105
       Leather armour    |       |       |       |       |    23 |   130 |    75 ||   228
       Troll leather arm |       |       |       |       |    49 |       |       ||    49
Dodge: Dodged            |    13 |    44 |    54 |   215 |   441 |   378 |   427 ||  1572
Block: Buckler           |       |       |       |       |    88 |   293 |   361 ||   742
       Reflection        |       |       |       |       |       |    35 |    57 ||    92
